 Dungeon Crawl Stone Soup version 0.29.0-13-gc9e81de378 (webtiles) character file.

Game seed: 3461140890668736702

78 SensoryNuts the Slasher (level 4, -13/35 HPs)
             Began as a Demonspawn Fighter on Sept 7, 2022.
             Killed by divine providence
             ... invoked by an orc priest
              (15 damage)
             ... on level 3 of the Dungeon.
             The game lasted 00:01:25 (2022 turns).

SensoryNuts the Slasher (Demonspawn Fighter)        Turns: 2022, Time: 00:01:26

Health: -13/35     AC:  7    Str: 17    XL:     4   Next: 15%
Magic:  4/4        EV:  9    Int: 11    God:
Gold:   198        SH:  5    Dex: 14    Spells: 3/3 levels left

rFire   . . .      SeeInvis .   a - +1 long sword
rCold   . . .      Faith    .   c - +0 buckler
rNeg    . . .      Spirit   .   b - +0 scale mail
rPois   .          Reflect  .   (no helmet)
rElec   .          Harm     .   (no cloak)
rCorr   .          Rampage  .   k - +0 pair of gloves
Will    .....                   (no boots)
Stlth   ..........              (no amulet)
HPRegen 0.11/turn               (no ring)
MPRegen 0.09/turn               (no ring)

@: mighty
A: spiny 1, big brain 1, demonic touch 1
a: no special abilities


You were on level 3 of the Dungeon.
You visited 1 branch of the dungeon, and saw 3 of its levels.

You collected 198 gold pieces.

Inventory:

Hand Weapons
 a - a +1 long sword (weapon)
Armour
 b - a +0 scale mail (worn)
 c - a +0 buckler (worn)
 k - a +0 pair of gloves (worn)
Scrolls
 g - a scroll of poison
 m - 2 scrolls of teleportation
Potions
 d - a potion of might
 e - 2 potions of attraction
 f - a potion of flight
 n - a potion of heal wounds {unknown}
 o - a potion of magic {unknown}


   Skills:
 + Level 3.3 Fighting
 * Level 3.3 Long Blades
 + Level 3.0 Armour
 + Level 0.2 Dodging
 + Level 2.9 Shields


You had 3 spell levels left.
You didn't know any spells.
Your spell library contained the following spells:

 Spells                   Type           Power      Damage    Failure   Level
 Beastly Appendage        Tmut           0%         N/A       83%         1
 Magic Dart               Conj           0%         1d3       83%         1
 Slow                     Hex            0%         N/A       83%         1
 Summon Small Mammal      Summ           0%         N/A       83%         1
 Searing Ray              Conj           0%         2d4       93%         2
 Call Canine Familiar     Summ           0%         N/A       99%         3
 Cause Fear               Hex            0%         N/A       100%        4
 Fulminant Prism          Conj/Hex       0%         3d6       100%        4
 Summon Ice Beast         Ice/Summ       0%         N/A       100%        4
 Summon Mana Viper        Hex/Summ       0%         N/A       100%        5
 Dragon Form              Tmut           0%         N/A       100%        7
 Borgnjor's Revivificati  Necr           0%         N/A       100%        8
 Dragon's Call            Summ           0%         N/A       100%        9


Dungeon Overview and Level Annotations

Branches:
Dungeon (3/15)

Altars:
Kikubaaqudgha
Makhleb
Uskayaw


Innate Abilities, Weirdness & Mutations

You are partially covered in sharp spines.
You have an unusually large brain. (Int +2)
Your touch may inflict minor irresistible damage on your foes.


Message History

You are too injured to fight recklessly!
You are too injured to fight recklessly!
You are too injured to fight recklessly!
You are too injured to fight recklessly!
You are too injured to fight recklessly!
You are too injured to fight recklessly!
You are too injured to fight recklessly!
You are too injured to fight recklessly!
You are too injured to fight recklessly!
Unknown command.
You feel very mighty all of a sudden. The orc barely misses you.
The orc priest invokes the aid of Beogh against you.
Beogh smites you!
* * * LOW HITPOINT WARNING * * *
You slash the orc!
You kill the orc!
You slash the orc priest!
The orc priest is heavily wounded.
The orc priest is struck by your spines.
The orc priest hits you but does no damage. x2
You barely miss the orc priest.
The orc priest is heavily wounded.
The orc priest is struck by your spines.
The orc priest hits you with a +0 club.
* * * LOW HITPOINT WARNING * * *
You closely miss the orc priest.
The orc priest is severely wounded.
The orc priest hits you but does no damage.
You slash the orc priest!
You kill the orc priest!
The ball python is struck by your spines.
You kill the ball python!
Your Long Blades skill increases to level 3!
You have reached level 4!
You feel stronger.
Your demonic ancestry asserts itself...
Your brain expands.
The orc priest invokes the aid of Beogh against you.
Beogh smites you!
You die...

#######...##
###.........#
#.........#######.#
#.#.....#.........#
#......>..#########
#...#.#...# #.........#
#2#
##..)#.#...############
###
##..........@.o..o.....#
#_#
#...#.....#.######o###.#
#.# ##..........# #)#
#.####...##.....# #o#
#.#......#####..# ...
#.#.##.#.# ##.# #.#
....##.#.# #.. ..#
######.#.# ### #.# ..
..#.# #..


You could see an orc priest and 2 orcs.

Vanquished Creatures
  An orc priest (D:3)
  An adder (D:2)
  2 adder zombies (D:2)
  A dart slug (D:1)
  2 orcs (D:3)
  4 ball pythons
  2 bats
  A bat skeleton (D:2)
  An endoplasm (D:3)
  3 goblins (D:2)
  3 hobgoblins
  3 kobolds
  A frilled lizard (D:2)
  A giant cockroach zombie (D:2)
  A jackal zombie (D:2)
  3 rats
30 creatures vanquished.

Notes
Turn   | Place    | Note
-------+----------+-------------------------------------------
     0 | D:1      | SensoryNuts the Demonspawn Fighter began the quest for the
                  | Orb.
     0 | D:1      | Reached XP level 1. HP: 18/18 MP: 1/1
   358 | D:1      | Gained mutation: Your touch may inflict minor irresistible
                  | damage on your foes. [demonic ancestry]
   358 | D:1      | Reached XP level 2. HP: 24/24 MP: 2/2
   727 | D:2      | Found a hide-covered altar of Uskayaw.
  1289 | D:2      | Gained mutation: You are partially covered in sharp spines.
                  | [demonic ancestry]
  1289 | D:2      | Reached XP level 3. HP: 20/29 MP: 3/3
  1423 | D:2      | Got the Directory of Leadership and Misery
  1463 | D:2      | Got Sif Muna's Spellweaving for Novices
  1564 | D:2      | Found a faded altar of an unknown god.
  1939 | D:3      | Found a burning altar of Makhleb.
  1939 | D:3      | Noticed a balrug
  1979 | D:3      | Found an ancient bone altar of Kikubaaqudgha.
  2014 | D:3      | HP: 1/29 [orc priest/+0 club (2)]
  2017 | D:3      | Gained mutation: You have an unusually large brain. (Int
                  | +2) [demonic ancestry]
  2017 | D:3      | Reached XP level 4. HP: 2/35 MP: 4/4
  2022 | D:3      | Killed from afar by an orc priest

Illustrated notes

Levels and vault maps discovered:
D:1:      ebering_trefoil_twist, layout_basic
D:2:      layout_basic, basic_altar, serial_undead, serial_undead_f,
          serial_undead_a, serial_undead_f, serial_undead_f,
          ebering_ecumenical_altar_sacrificial, dreamdust_wishing_well
D:3:      layout_loops_corners, makhleb_altar_promises_db,
          mainiacjoe_overflow_alcove_1, overflow_temple_1_default, st_stairs_2,
          eino_curves_01, uniq_jessica

Skill      XL: |  1  2  3 |
---------------+----------+-----
Long Blades    | 2 3 |  3.3
Armour         | 3 |  3.0
Fighting       | |  3.3
Dodging        | |  0.2
Shields        | |  2.9

Action                   |  1- 3 |  4- 6 || total
-------------------------+-------+-------++-------
Melee: Long sword        |    94 |       ||    94
  Use: Scroll            |     7 |       ||     7
       Potion            |     1 |       ||     1
Armor: Scale mail        |    55 |       ||    55
Dodge: Dodged            |    33 |       ||    33
Block: Buckler           |    19 |       ||    19
